| TOP OF THE 1ST |
|
Everett AquaSox batting - Pitching for Vermont Lake Monsters : LHP Hector Perdomo
|
|
Pitching: LHP Hector Perdomo
|
|
|
Batting: RHB Carlton McDonald
|
0-0: Ground out U3 (Groundball, 3L, EV 89.4 MPH)
|
|
Batting: RHB Ross Hallock
|
0-0: Called Strike 0-1: Foul Ball, location: 2F 0-2: Foul Ball, location: 2F 0-2: Foul Ball, location: 2F 0-2: Ground out 5-3 (Groundball, 56, EV 86.9 MPH)
|
|
Batting: RHB John Vasquez
|
0-0: SINGLE (Groundball, 56D, EV 110.0 MPH)
|
|
Batting: RHB Eddie Luna
|
0-0: Ball 1-0: Called Strike 1-1: Ball 2-1: Called Strike 2-2: Strikes out swinging
|
| Top of the 1st over - 0 runs, 1 hit, 0 errors, 1 left on base; Everett 0 - Vermont 0 |
| BOTTOM OF THE 1ST |
|
Vermont Lake Monsters batting - Pitching for Everett AquaSox : RHP Jayden Ross
|
|
Pitching: RHP Jayden Ross
|
|
|
Batting: SHB Berthold Frey
|
0-0: Foul Ball, location: 2F 0-1: SOLO HOME RUN (Line Drive, 9LD, EV 97.5 MPH), Distance : 370 ft
|
|
Batting: RHB Scott Lister
|
0-0: Ball 1-0: Foul Ball, location: 2F 1-1: Ball 2-1: Ground out 5-3 (Groundball, 5S, EV 93.8 MPH)
|
|
Batting: LHB Alejandro Muniz
|
0-0: Ball 1-0: Ground out U3 (Groundball, 3, EV 81.9 MPH)
|
|
Batting: LHB Felipe Gomez
|
0-0: Ball 1-0: SOLO HOME RUN (Flyball, 9D, EV 99.4 MPH), Distance : 389 ft
|
|
Batting: RHB Ryan Jennings
|
0-0: Ball 1-0: Foul Ball, location: 2F 1-1: Ball 2-1: Swinging Strike 2-2: Foul Ball, location: 2F 2-2: Ball 3-2: Base on Balls
|
|
Batting: RHB Edgardo Rivera
|
0-0: Called Strike 0-1: Foul Ball, location: 2F 0-2: Reached on error, E3 (Groundball, 34S, EV 86.2 MPH) Ryan Jennings to second
|
|
Batting: RHB Jon Coleman
|
0-0: Called Strike 0-1: Foul Ball, location: 2F 0-2: Ball 1-2: Strikes out swinging
|
| Bottom of the 1st over - 2 runs, 2 hits, 1 error, 2 left on base; Everett 0 - Vermont 2 |
| TOP OF THE 2ND |
|
Everett AquaSox batting - Pitching for Vermont Lake Monsters : LHP Hector Perdomo
|
|
Batting: RHB Jung-wan Aan
|
0-0: Called Strike 0-1: Ball 1-1: Ground out 5-3 (Groundball, 56, EV 76.9 MPH)
|
|
Batting: LHB Prince Nunley
|
0-0: Ball 1-0: Fly out, F7 (Flyball, 7, EV 90.0 MPH)
|
|
Batting: RHB David Greene
|
0-0: Ground out 4-3 (Groundball, 4, EV 81.2 MPH)
|
| Top of the 2nd over - 0 runs, 0 hits, 0 errors, 0 left on base; Everett 0 - Vermont 2 |
| BOTTOM OF THE 2ND |
|
Vermont Lake Monsters batting - Pitching for Everett AquaSox : RHP Jayden Ross
|
|
Batting: SHB Steve Salafia
|
0-0: Foul Ball, location: 2F 0-1: Single, Error in OF, E8, batter to second base (Line Drive, 6D, EV 95.0 MPH)
|
|
Batting: SHB Mike Kirk
|
0-0: Ball 1-0: Ball 2-0: Ball 3-0: Base on Balls
|
|
Batting: SHB Berthold Frey
|
0-0: Called Strike Steve Salafia is caught stealing 3rd base 2-5 Mike Kirk to second 0-1: Ball 1-1: Ball 2-1: Foul Ball, location: 2F 2-2: Ground out 4-3 (Groundball, 4, EV 95.6 MPH) Mike Kirk to third
|
|
Batting: RHB Scott Lister
|
0-0: Foul Ball, location: 2F 0-1: Foul Ball, location: 2F 0-2: Ball 1-2: Strikes out swinging
|
| Bottom of the 2nd over - 0 runs, 1 hit, 1 error, 1 left on base; Everett 0 - Vermont 2 |
| TOP OF THE 3RD |
|
Everett AquaSox batting - Pitching for Vermont Lake Monsters : LHP Hector Perdomo
|
|
Batting: LHB Chang Huie
|
0-0: Ball 1-0: Ball 2-0: Bunt missed! 2-1: Ball 3-1: DOUBLE (Line Drive, 78M, EV 102.5 MPH)
|
|
Batting: LHB Ryan Daniels
|
0-0: Called Strike 0-1: Foul Ball, location: 2F 0-2: Foul Ball, location: 2F 0-2: Strikes out looking
|
|
Batting: RHB Carlton McDonald
|
0-0: Ball 1-0: Fly out, F5 (Popup, 5L, EV 55.6 MPH)
|
|
Batting: RHB Ross Hallock
|
0-0: Ground out 5-3 (Groundball, 25, EV 87.5 MPH)
|
| Top of the 3rd over - 0 runs, 1 hit, 0 errors, 1 left on base; Everett 0 - Vermont 2 |
| BOTTOM OF THE 3RD |
|
Vermont Lake Monsters batting - Pitching for Everett AquaSox : RHP Jayden Ross
|
|
Batting: LHB Alejandro Muniz
|
0-0: Fly out, F3 (Line Drive, 34, EV 65.0 MPH)
|
|
Batting: LHB Felipe Gomez
|
0-0: Ball 1-0: Ball 2-0: DOUBLE (Flyball, 89XD, EV 90.6 MPH)
|
|
Batting: RHB Ryan Jennings
|
0-0: Ball 1-0: Ball 2-0: Ball 3-0: Called Strike 3-1: Base on Balls
|
|
Batting: RHB Edgardo Rivera
|
0-0: Ball 1-0: Foul Ball, location: 2F 1-1: 3-RUN HOME RUN (Flyball, 9LD, EV 96.2 MPH), Distance : 369 ft
|
|
Pitching: LHP David Reyes
|
|
|
Batting: RHB Jon Coleman
|
0-0: Called Strike 0-1: Ball 1-1: Foul Ball, location: 2F 1-2: Ball 2-2: Ball 3-2: Base on Balls
|
|
Batting: SHB Steve Salafia
|
0-0: Called Strike 0-1: Ball 1-1: Ball 2-1: Ball 3-1: Foul Ball, location: 2F 3-2: DOUBLE (Line Drive, 5D, EV 96.9 MPH) Jon Coleman to third
|
|
Batting: SHB Mike Kirk
|
0-0: Called Strike 0-1: Ball 1-1: Ball 2-1: Ball 3-1: Ground out 5-3 (Groundball, 56, EV 105.6 MPH) Jon Coleman scores
|
|
Batting: SHB Berthold Frey
|
0-0: Ball 1-0: Ball 2-0: Called Strike 2-1: Ground out 6-3 (Groundball, 6MS, EV 70.0 MPH)
|
| Bottom of the 3rd over - 4 runs, 3 hits, 0 errors, 1 left on base; Everett 0 - Vermont 6 |
| TOP OF THE 4TH |
|
Everett AquaSox batting - Pitching for Vermont Lake Monsters : LHP Hector Perdomo
|
|
Batting: RHB John Vasquez
|
0-0: Called Strike 0-1: Ball 1-1: Hit by Pitch
|
|
Batting: RHB Eddie Luna
|
0-0: Ball 1-0: Ball 2-0: Called Strike 2-1: Called Strike 2-2: Ball 3-2: TRIPLE (Flyball, 7LD, EV 98.1 MPH) John Vasquez scores
|
|
Batting: RHB Jung-wan Aan
|
0-0: Ball 1-0: Ball 2-0: Ground out 6-3 (Groundball, 6, EV 102.5 MPH) Eddie Luna scores
|
|
Batting: LHB Prince Nunley
|
0-0: Foul Ball, location: 2F 0-1: Ground out 4-3 (Groundball, 34D, EV 107.5 MPH)
|
|
Batting: RHB David Greene
|
0-0: Ball 1-0: Foul Ball, location: 2F 1-1: Ball 2-1: Swinging Strike 2-2: SINGLE (Groundball, 6, EV 96.2 MPH)
|
|
Batting: LHB Chang Huie
|
Pickoff Throw to First - Out! 1-3 CS
|
| Top of the 4th over - 2 runs, 2 hits, 0 errors, 0 left on base; Everett 2 - Vermont 6 |
| BOTTOM OF THE 4TH |
|
Vermont Lake Monsters batting - Pitching for Everett AquaSox : LHP David Reyes
|
|
Batting: RHB Scott Lister
|
0-0: Ball 1-0: Ball 2-0: Ball 3-0: Called Strike 3-1: Called Strike 3-2: Base on Balls
|
|
Batting: LHB Alejandro Muniz
|
0-0: Ball Scott Lister steals 2nd base 1-0: Foul Ball, location: 2F 1-1: 2-RUN HOME RUN (Flyball, 9LD, EV 99.4 MPH), Distance : 368 ft
|
|
Batting: LHB Felipe Gomez
|
0-0: DOUBLE (Flyball, 8RXD, EV 98.8 MPH)
|
|
Batting: RHB Ryan Jennings
|
0-0: Called Strike 0-1: Ball Wild Pitch! Felipe Gomez to third 1-1: Swinging Strike 1-2: Ball 2-2: Strikes out looking
|
|
Batting: RHB Edgardo Rivera
|
0-0: SINGLE (Flyball, 3D, EV 87.5 MPH) Felipe Gomez scores
|
|
Batting: RHB Jon Coleman
|
0-0: Called Strike 0-1: Fly out, F9 (Flyball, 9S, EV 73.1 MPH)
|
|
Batting: SHB Steve Salafia
|
0-0: Ball 1-0: Ball 2-0: Ground out 4-3 (Groundball, 34D, EV 108.1 MPH)
|
| Bottom of the 4th over - 3 runs, 3 hits, 0 errors, 1 left on base; Everett 2 - Vermont 9 |
| TOP OF THE 5TH |
|
Everett AquaSox batting - Pitching for Vermont Lake Monsters : LHP Hector Perdomo
|
|
Batting: LHB Chang Huie
|
0-0: Ground out 6-3 (Groundball, 6, EV 104.4 MPH)
|
|
Batting: LHB Ryan Daniels
|
0-0: Ball 1-0: Swinging Strike 1-1: Foul Ball, location: 2F 1-2: Ball 2-2: Ball 3-2: Foul Ball, location: 2F 3-2: Foul Ball, location: 2F 3-2: Base on Balls
|
|
Batting: RHB Carlton McDonald
|
0-0: Ball 1-0: Foul Ball, location: 2F 1-1: Ball 2-1: Called Strike 2-2: TRIPLE (Flyball, 78XD, EV 102.5 MPH) Ryan Daniels scores
|
|
Batting: RHB Ross Hallock
|
0-0: Foul Ball, location: 2F 0-1: Ball Wild Pitch! Carlton McDonald scores 1-1: Swinging Strike 1-2: Foul Ball, location: 2F 1-2: Ground out 6-3 (Groundball, 6, EV 87.5 MPH)
|
|
Batting: RHB John Vasquez
|
0-0: Foul Ball, location: 2F 0-1: Ground out 5-3 (Groundball, 56, EV 81.9 MPH)
|
| Top of the 5th over - 2 runs, 1 hit, 0 errors, 0 left on base; Everett 4 - Vermont 9 |
| BOTTOM OF THE 5TH |
|
Vermont Lake Monsters batting - Pitching for Everett AquaSox : LHP David Reyes
|
|
Pitching: RHP Daniel Villalobos
|
|
|
Batting: SHB Mike Kirk
|
0-0: Fly out, F8 (Flyball, 8LS, EV 93.1 MPH)
|
|
Batting: SHB Berthold Frey
|
0-0: Ball 1-0: Ball 2-0: Ball 3-0: Base on Balls
|
|
Batting: RHB Scott Lister
|
0-0: Ball Berthold Frey steals 2nd base 1-0: Called Strike 1-1: Ball 2-1: Swinging Strike 2-2: Strikes out swinging
|
|
Batting: LHB Alejandro Muniz
|
0-0: Fly out, F8 (Flyball, 8LD, EV 88.1 MPH)
|
| Bottom of the 5th over - 0 runs, 0 hits, 0 errors, 1 left on base; Everett 4 - Vermont 9 |
| TOP OF THE 6TH |
|
Everett AquaSox batting - Pitching for Vermont Lake Monsters : LHP Hector Perdomo
|
|
Batting: RHB Eddie Luna
|
0-0: Called Strike 0-1: Called Strike 0-2: Strikes out looking
|
|
Batting: RHB Jung-wan Aan
|
0-0: Ball 1-0: Called Strike 1-1: Ball 2-1: Foul Ball, location: 2F 2-2: Strikes out looking
|
|
Batting: LHB Prince Nunley
|
0-0: Ball 1-0: Ball 2-0: Fly out, F4 (Popup, 4M, EV 72.5 MPH)
|
| Top of the 6th over - 0 runs, 0 hits, 0 errors, 0 left on base; Everett 4 - Vermont 9 |
| BOTTOM OF THE 6TH |
|
Vermont Lake Monsters batting - Pitching for Everett AquaSox : RHP Daniel Villalobos
|
|
Batting: LHB Felipe Gomez
|
0-0: Ball 1-0: Called Strike 1-1: Fly out, F7 (Flyball, 78M, EV 88.1 MPH)
|
|
Batting: RHB Ryan Jennings
|
0-0: Swinging Strike 0-1: Foul Ball, location: 2F 0-2: Fly out, F9 (Flyball, 89D, EV 106.9 MPH)
|
|
Batting: RHB Edgardo Rivera
|
0-0: Foul Ball, location: 2F 0-1: Reached on error, E4 (Groundball, 4, EV 85.0 MPH)
|
|
Batting: RHB Jon Coleman
|
0-0: Called Strike 0-1: Called Strike 0-2: Ground out U3 (Groundball, 34, EV 91.2 MPH)
|
| Bottom of the 6th over - 0 runs, 0 hits, 1 error, 1 left on base; Everett 4 - Vermont 9 |
| TOP OF THE 7TH |
|
Everett AquaSox batting - Pitching for Vermont Lake Monsters : LHP Hector Perdomo
|
|
Batting: RHB David Greene
|
0-0: Ball 1-0: Called Strike 1-1: Foul Ball, location: 2F 1-2: Foul Ball, location: 2F 1-2: Ground out 5-3 (Groundball, 56S, EV 88.1 MPH)
|
|
Batting: LHB Chang Huie
|
0-0: Foul Ball, location: 2F 0-1: Ground out U3 (Groundball, 3, EV 86.9 MPH)
|
|
Batting: LHB Ryan Daniels
|
0-0: Ball 1-0: Swinging Strike 1-1: Ball 2-1: Called Strike 2-2: Strikes out swinging
|
| Top of the 7th over - 0 runs, 0 hits, 0 errors, 0 left on base; Everett 4 - Vermont 9 |
| BOTTOM OF THE 7TH |
|
Vermont Lake Monsters batting - Pitching for Everett AquaSox : RHP Daniel Villalobos
|
|
Batting: SHB Steve Salafia
|
0-0: Swinging Strike 0-1: Swinging Strike 0-2: Ball 1-2: Foul Ball, location: 2F 1-2: Ground out U3 (Groundball, 3, EV 85.6 MPH)
|
|
Pitching: RHP Yen-nien Luo
|
|
|
Batting: SHB Mike Kirk
|
0-0: Foul Ball, location: 2F 0-1: Swinging Strike 0-2: Strikes out swinging
|
|
Batting: SHB Berthold Frey
|
0-0: Foul Ball, location: 2F 0-1: Ball 1-1: Called Strike 1-2: Ground out U3 (Groundball, 34S, EV 71.2 MPH)
|
| Bottom of the 7th over - 0 runs, 0 hits, 0 errors, 0 left on base; Everett 4 - Vermont 9 |
| TOP OF THE 8TH |
|
Everett AquaSox batting - Pitching for Vermont Lake Monsters : LHP Hector Perdomo
|
|
Batting: RHB Carlton McDonald
|
0-0: Foul Ball, location: 2F 0-1: Ball 1-1: Ball 2-1: Ball 3-1: Foul Ball, location: 2F 3-2: Strikes out swinging
|
|
Pitching: RHP Santiago Gonzalez
|
|
|
Batting: RHB Ross Hallock
|
0-0: Ball 1-0: Ball 2-0: Ball 3-0: Base on Balls
|
|
Batting: RHB John Vasquez
|
0-0: Called Strike 0-1: Ball 1-1: Foul Ball, location: 2F 1-2: Foul Ball, location: 2F 1-2: Fly out, F8 (Flyball, 8LM, EV 85.6 MPH)
|
|
Batting: RHB Eddie Luna
|
0-0: Ball 1-0: Ball 2-0: Foul Ball, location: 2F 2-1: Foul Ball, location: 2F 2-2: Foul Ball, location: 2F 2-2: Strikes out swinging
|
| Top of the 8th over - 0 runs, 0 hits, 0 errors, 1 left on base; Everett 4 - Vermont 9 |
| BOTTOM OF THE 8TH |
|
Vermont Lake Monsters batting - Pitching for Everett AquaSox : RHP Yen-nien Luo
|
|
Batting: RHB Scott Lister
|
0-0: Called Strike 0-1: Ball 1-1: Ball 2-1: Called Strike 2-2: Strikes out swinging
|
|
Batting: LHB Alejandro Muniz
|
0-0: Called Strike 0-1: Foul Ball, location: 2F 0-2: Ball 1-2: Ball 2-2: Ball 3-2: Base on Balls
|
|
Batting: LHB Felipe Gomez
|
0-0: Called Strike 0-1: Fly out, F5 (Popup, 15, EV 83.1 MPH)
|
|
Batting: RHB Ryan Jennings
|
Balk! Alejandro Muniz to second 0-0: Ball 1-0: Foul Ball, location: 2F 1-1: Swinging Strike 1-2: Hit by Pitch
|
|
Batting: RHB Edgardo Rivera
|
0-0: Ground out 5-3 (Groundball, 56S, EV 67.5 MPH)
|
| Bottom of the 8th over - 0 runs, 0 hits, 0 errors, 2 left on base; Everett 4 - Vermont 9 |
| TOP OF THE 9TH |
|
Everett AquaSox batting - Pitching for Vermont Lake Monsters : RHP Santiago Gonzalez
|
|
Batting: RHB Jung-wan Aan
|
0-0: Ball 1-0: Called Strike 1-1: Ball 2-1: Called Strike 2-2: Ball 3-2: Base on Balls
|
|
Batting: LHB Prince Nunley
|
0-0: Foul Ball, location: 2F 0-1: Swinging Strike 0-2: Ball 1-2: Ball 2-2: Foul Ball, location: 2F 2-2: Strikes out swinging
|
|
Batting: RHB David Greene
|
0-0: Ball 1-0: Ball 2-0: Called Strike 2-1: Swinging Strike 2-2: Ball 3-2: Ground out U3 (Groundball, 3S, EV 66.2 MPH) Jung-wan Aan to second
|
|
Batting: LHB Chang Huie
|
0-0: Ground out 4-3 (Groundball, 4, EV 88.8 MPH)
|
| Top of the 9th over - 0 runs, 0 hits, 0 errors, 1 left on base; Everett 4 - Vermont 9 |
|